 Dungeon Crawl Stone Soup version 0.30.0-20-g3615ddf2f0 (webtiles) character file.

Game seed: 1569473741123771787

698 qw the Chopper (level 7, -2/44 HPs)
             Began as a Gargoyle Fighter on May 29, 2023.
             Slain by an ogre
             ... wielding a +0 giant club
              (6 damage)
             ... on level 4 of the Dungeon.
             The game lasted 00:02:03 (3653 turns).

qw the Chopper (Gargoyle Fighter)                   Turns: 3653, Time: 00:02:04

Health: -2/44      AC: 15    Str: 22    XL:     7   Next: 65%
Magic:  7/7        EV:  8    Int:  8    God:
Gold:   200        SH:  4    Dex:  9    Spells: 6/6 levels left

rFire   . . .        Y - +0 war axe
rCold   + . .        c - +0 buckler
rNeg    + . .        p - +0 chain mail
rPois   inf          (no helmet)
rElec   +            h - +0 cloak
rCorr   .            (no gloves)
SInv    .            (no boots)
Will    .....        (no amulet) Stlth
                     o - ring of protection from cold
HPRegen 0.27/turn    (no ring)
MPRegen 0.10/turn

%: no passive effects
@: about to teleport
A: sickness immunity, AC +4, negative energy resistance 1, electricity
resistance, torment resistance 1, petrification resistance
a: no special abilities


You were on level 4 of the Dungeon.
You visited 1 branch of the dungeon, and saw 4 of its levels.

You collected 200 gold pieces.


Innate Abilities, Weirdness & Mutations

You are immune to sickness and miasma.
Your stone body is resilient. (AC +4)
You are immune to poison.
You resist negative energy. (rN+)
You are resistant to electric shocks. (rElec)
You are resistant to unholy torment.
You are immune to petrification.


   Skills:
 - Level 4.7 Fighting
 + Level 6.7 Axes
 - Level 3.2 Armour
 - Level 1.6 Dodging
 - Level 3.2 Shields


You had 6 spell levels left.
You didn't know any spells.
Your spell library was empty.

Inventory:

Hand Weapons
 m - a +0 flail
 Y - a +0 war axe (weapon)
Armour
 c - a +0 buckler (worn)
 h - a +0 cloak (worn)
 p - a +0 chain mail (worn)
Jewellery
 b - a ring of willpower
 o - a ring of protection from cold (left hand)
Scrolls
 a - a scroll of identify
 l - a scroll of teleportation
Potions
 d - a potion of might
 e - 2 potions of resistance
 f - 2 potions of haste
 g - a potion of mutation {unknown}
 i - a potion of magic {unknown}
 j - 2 potions of curing
 k - a potion of degeneration {unknown}
 n - a potion of invisibility {unknown}
 q - a potion of flight {unknown}
 r - a potion of cancellation {unknown}

Dungeon Overview and Level Annotations

Branches:
Dungeon (4/15)
 Temple: D:4-7

Altars:


Message History

Found a ring mail.
Enter note:
Enter note:
Enter note:
Enter note:
Enter note:
Enter note:
Enter note:
Enter note:
Enter note: An ogre comes into view. It is wielding a +0 giant club.
The ogre shouts!
You hear a shout!
An orc comes into view. It is wielding a +0 hand axe.
Enter note:
Enter note:
Enter note:
Enter note:
Enter note:
Enter note:
Enter note:
Enter note:
Enter note: You barely miss the ogre.
The ogre barely misses you.
You closely miss the ogre. You slash the orc!
You kill the orc!
The ogre hits you with a +0 giant club!
You slash the ogre!
The ogre is heavily wounded.
The ogre hits you with a +0 giant club!
You barely miss the ogre.
The ogre is heavily wounded.
You hit the ogre.
The ogre is heavily wounded.
The ogre hits you with a +0 giant club!
3653 ||| READING 2 scrolls of teleportation.
As you read the scroll of teleportation, it crumbles to dust.
You feel strangely unstable. The ogre hits you with a +0 giant club.
You die...

#....# #.# #.##.# #.#
###### #.###.##.# #.#
#.....##.# #.# ##
########.# #.# ... #.#
###.# .... #.# #....
..... #.# #....
......######.##### #....
...?..O@.........######.
.[....).................
.................######.
..###............# #. .
#............# #.
############## #. ##


You could see an ogre.

Vanquished Creatures
  Sigmund (D:3)
  A black bear (D:4)
  2 scorpions (D:4)
  An iguana (D:4)
  Natasha (thrice) (D:4)
  An orc wizard (D:4)
  4 gnolls (D:4)
  5 adders
  3 dart slugs
  8 orcs (D:4)
  10 bats
  13 endoplasms
  6 giant cockroaches
  8 goblins
  7 hobgoblins
  9 jackals
  4 quokkas (D:2)
  5 ball pythons
  2 frilled lizards
  7 kobolds
  A rat (D:2)
101 creatures vanquished.

Notes
Turn   | Place    | Note
-------+----------+-------------------------------------------
     0 | D:1      | qw the Gargoyle Fighter began the quest for the Orb.
     0 | D:1      | Reached XP level 1. HP: 14/14 MP: 1/1
     0 | D:1      | 0 ||| qw: Version: 0.2-a-101-gf424e7f
     0 | D:1      | 0 ||| qw: Game counter: 312
     0 | D:1      | 0 ||| qw: Always use a shield: true
     0 | D:1      | 0 ||| qw: God list: Okawaru
     0 | D:1      | 0 ||| qw: Allow faded altars: false
     0 | D:1      | 0 ||| qw: Do Orc after D:15 true
     0 | D:1      | 0 ||| qw: Do second Lair branch before Depths: true
     0 | D:1      | 0 ||| qw: Lair rune preference: random
     0 | D:1      | 0 ||| qw: Plans: Normal, Zot:1-4, Slime:5, God:TSO, Crypt,
                  | Tomb, Pan, Hells, Abyss, Win
     0 | D:1      | 0 ||| PLANNING D:1-11
    15 | D:1      | 15 ||| Stepping ~*~*~tactically~*~*~ (stealth).
    22 | D:1      | Reached skill level 2 in Axes
   105 | D:1      | 105 ||| Stepping ~*~*~tactically~*~*~ (stealth).
   129 | D:1      | Reached XP level 2. HP: 19/19 MP: 2/2
   146 | D:1      | 146 ||| Stepping ~*~*~tactically~*~*~ (hiding).
   148 | D:1      | 148 ||| Stepping ~*~*~tactically~*~*~ (hiding).
   149 | D:1      | 149 ||| Stepping ~*~*~tactically~*~*~ (hiding).
   171 | D:1      | 171 ||| Stepping ~*~*~tactically~*~*~ (stealth).
   384 | D:1      | Reached skill level 3 in Axes
   436 | D:1      | Reached XP level 3. HP: 23/23 MP: 3/3
   437 | D:1      | Found a faded altar of an unknown god.
   730 | D:1      | 730 ||| UPGRADING to +0 cloak.
   735 | D:1      | 735 ||| READING scroll labelled TUM WIROTAMEAFF.
   736 | D:1      | 736 ||| READING scroll labelled OCLIL ZIM ILIR.
   737 | D:1      | 737 ||| READING 2 scrolls labelled NESSUR EBIMYERPH.
   740 | D:1      | 740 ||| READING scroll labelled GEYFUT BYUPLU.
   741 | D:1      | 741 ||| READING scroll labelled CISKUL QAISEFAIZ.
   742 | D:1      | 742 ||| DRINKING 4 fuming cyan potions.
   894 | D:2      | 894 ||| Stepping ~*~*~tactically~*~*~ (hiding).
   945 | D:2      | Reached XP level 4. HP: 27/28 MP: 4/4
  1085 | D:2      | 1085 ||| FLEEEEING.
  1087 | D:2      | 1087 ||| FLEEEEING.
  1088 | D:2      | 1088 ||| FLEEEEING.
  1090 | D:2      | 1090 ||| FLEEEEING.
  1096 | D:2      | 1096 ||| FLEEEEING.
  1118 | D:2      | Reached skill level 4 in Axes
  1128 | D:2      | 1128 ||| Stepping ~*~*~tactically~*~*~ (stealth).
  1363 | D:2      | 1363 ||| DROPPING +0 mace of protection.
  1699 | D:2      | 1699 ||| READING 4 scrolls labelled ITSIX CUNNOAX.
  1700 | D:2      | 1700 ||| READING scroll labelled JEABLI QITEHE.
  1701 | D:2      | 1701 ||| READING 3 scrolls of identify.
  1701 | D:2      | 1701 ||| IDENTIFYING fuming dark potion
  1702 | D:2      | 1702 ||| READING 2 scrolls of identify.
  1702 | D:2      | 1702 ||| IDENTIFYING bubbling dark potion
  1742 | D:3      | Noticed Sigmund
  1743 | D:3      | 1743 ||| Stepping ~*~*~tactically~*~*~ (hiding).
  1752 | D:3      | 1752 ||| DRINKING 3 potions of curing.
  1752 | D:3      | 1752 ||| (to cure confusion)
  1757 | D:3      | 1757 ||| FLEEEEING.
  1758 | D:3      | 1758 ||| STAIRDANCE
  1830 | D:3      | Killed Sigmund
  1831 | D:3      | Reached skill level 5 in Axes
  1831 | D:3      | Reached XP level 5. HP: 31/32 MP: 5/5
  1831 | D:3      | Reached XP level 6. HP: 36/37 MP: 6/6
  2493 | D:3      | 2493 ||| UPGRADING to +0 chain mail.
  2503 | D:3      | 2503 ||| DROPPING +0 scale mail.
  2504 | D:3      | 2504 ||| UPGRADING to ring of protection from cold.
  2505 | D:3      | 2505 ||| DRINKING 2 yellow potions.
  2610 | D:3      | 2610 ||| DROPPING potion of berserk rage.
  2664 | D:4      | Noticed a black bear
  2678 | D:4      | Killed a black bear
  2684 | D:4      | HP: 9/39 [scorpion (4)]
  2685 | D:4      | 2685 ||| READING 2 scrolls of teleportation.
  2688 | D:4      | Reached skill level 6 in Axes
  2688 | D:4      | Reached XP level 7. HP: 11/44 MP: 7/7
  3112 | D:4      | Reached skill level 1 in Dodging
  3374 | D:4      | Noticed Natasha
  3383 | D:4      | Killed Natasha
  3423 | D:4      | 3423 ||| Stepping ~*~*~tactically~*~*~ (stealth).
  3425 | D:4      | 3425 ||| Stepping ~*~*~tactically~*~*~ (hiding).
  3482 | D:4      | Noticed Natasha
  3483 | D:4      | 3483 ||| Stepping ~*~*~tactically~*~*~ (stealth).
  3500 | D:4      | Killed Natasha
  3571 | D:4      | Noticed Natasha
  3582 | D:4      | Killed Natasha
  3652 | D:4      | HP: 3/44 [ogre/+0 giant club (11)]
  3653 | D:4      | 3653 ||| READING 2 scrolls of teleportation.
  3653 | D:4      | Slain by an ogre

Levels and vault maps discovered:
D:1:      kilobyte_arrival_exit_the_forest, layout_rooms,
          hellmonk_ecumenical_altar_lost_god
D:2:      minmay_evil_eye, layout_loops_ring, kennysheep_generic_room_10
D:3:      layout_loops_ring, uniq_crazy_yiuf_cottage, uniq_sigmund
D:4:      layout_basic, st_stairs_13, uniq_natasha

Skill      XL: |  1  2  3  4  5  6  7 |
---------------+----------------------+-----
Axes           | 2 3 5 6 |  6.7
Fighting       | 4 |  4.7
Dodging        | 1 |  1.6
Armour         | |  3.2
Shields        | |  3.2

Action                     |  1- 3 |  4- 6 |  7- 9 || total
---------------------------+-------+-------+-------++-------
  Melee: War axe           |    94 |   168 |    73 ||   335
         Unarmed           |       |       |    13 ||    13
    Use: Scroll            |     5 |     5 |     1 ||    11
         Potion            |     1 |     2 |       ||     3
 Armour: Scale mail        |    47 |    84 |       ||   131
         Chain mail        |       |    24 |    30 ||    54
         Skin              |       |       |     7 ||     7
  Dodge: Dodged            |    39 |    71 |    28 ||   138
  Block: Buckler           |    17 |    41 |     8 ||    66

Table legend:
 A = Non-vault XP
 B = Vault XP
 C = Vault XP percentage of total XP
 D = Non-vault monster count
 E = Vault monster count
 F = Vault count percentage of total count
                 A         B        C        D         E       F
            +---------+---------+-------+---------+---------+-------
      Total |     500 |     498 |  49.9 |      91 |      10 |   9.9
            +---------+---------+-------+---------+---------+-------
        D:1 |      42 |       0 |   0.0 |      24 |       0 |   0.0
        D:2 |      70 |       9 |  11.4 |      26 |       6 |  18.8
        D:3 |      75 |     239 |  76.1 |      20 |       1 |   4.8
        D:4 |     313 |     250 |  44.4 |      21 |       3 |  12.5
            +---------+---------+-------+---------+---------+-------
